Map: Abyssal Reef LE

Players

Winthrowe

  • Race: Terran Terran
  • Spawn Location: 5:00

MrBlue - Winner!

  • Race: Terran Terran
  • League: Gold
  • Spawn Location: 11:00

VOD

Have the link to the VOD?

Description

Time

  • Played on: Aug. 18, 2017, 5:03 p.m.
  • Length: 6:40
Show
View Real Time Build Order
Export as new Build Order

Winthrowe Terran 

Build Orders:  

Get SALT Encoding   

  12  0:02  SCV  
  13  0:17  Supply Depot  
  13  0:20  SCV  
  14  0:28  Refinery  
  14  0:32  SCV  
  15  0:44  SCV, Supply Depot  
  16  0:57  SCV  
  17  1:09  Barracks  
  17  1:21  SCV  
  17  1:22  Engineering Bay  
  18  1:33  SCV  
  19  1:45  SCV  
  20  1:57  SCV  
  21  2:01  Factory  
  21  2:03  Barracks  
  21  2:10  Barracks Tech Lab  
  21  2:14  Orbital Command  
  21  3:09  Marauder  
  21  3:28  SCV  
  22  3:40  SCV  
  23  3:52  SCV  
  24  3:57  Command Center  
  24  3:58  Factory Reactor  
  24  4:04  SCV  
  24  4:05  Starport  
  24  4:09  Armory  
  25  4:16  SCV  
  26  4:17  Marauder  
  28  4:32  SCV  
  28  4:35  Refinery  
  29  4:39  Marauder  
  31  5:03  Supply Depot  
  31  5:09  Hellion x2  
  35  5:26  Supply Depot  
  35  5:30  Hellion x2  
  39  5:37  Barracks Reactor  
  39  5:50  Marine  
  39  5:52  Hellion  
  39  5:55  Viking  
  46  6:08  Marine  
Show
View Real Time Build Order
Export as new Build Order

MrBlue Terran - Winner!

Build Orders: 1/1/1 

Get SALT Encoding   

  12  0:02  SCV  
  13  0:14  SCV  
  13  0:18  Supply Depot  
  14  0:26  SCV  
  15  0:29  Refinery  
  15  0:40  SCV  
  16  0:46  Barracks  
  16  0:52  SCV  
  16  0:56  Refinery  
  17  1:04  SCV  
  17  1:10  Supply Depot  
  18  1:16  SCV  
  19  1:28  SCV  
  20  1:37  Factory  
  20  1:39  Reaper  
  21  1:43  SCV  
  22  1:55  SCV  
  23  2:07  Orbital Command  
  23  2:22  Barracks Reactor  
  23  2:23  Starport  
  23  2:26  Factory Tech Lab  
  23  2:31  Supply Depot  
  23  2:38  SCV  
  24  2:55  Siege Tank  
  24  2:57  SCV  
  28  3:01  Starport Reactor  
  28  3:03  Marine x2  
  30  3:10  Engineering Bay  
  30  3:24  Marine x2  
  32  3:27  Siege Tank  
  35  3:47  Viking x2  
  39  3:50  Supply Depot  
  39  3:52  Missile Turret  
  39  4:02  Terran Infantry Weapons Level 1  
  39  4:09  Barracks  
  39  4:11  Marine x2  
  39  4:12  SCV  
  42  4:25  Viking x2  
  42  4:29  Marine  
  42  4:31  Supply Depot  
  47  4:52  Marine, Siege Tank  
  51  4:58  Barracks Tech Lab  
  51  4:59  Marine  
  52  5:02  Supply Depot  
  52  5:10  Marine  
  52  5:11  Supply Depot  
  53  5:16  Marine  
  54  5:24  Marauder  
  54  5:26  Supply Depot  
  54  5:27  Supply Depot  
  54  5:28  Marine  
  57  5:34  Marine  
  58  5:49  Siege Tank  
  61  5:50  Viking  
  61  5:52  Marine  
  61  5:53  Marauder  
  66  5:59  Marine  
  67  6:05  Supply Depot  
  67  6:09  Marine  
Tags
 
League
Gold
Matchup
TvT
Opening
1/1/1
Race
Terran
Spawn Locations
Cross Positions
Add a new tag
Caveats
  • Supply blocks, unpowered buildings, or Contaminate may cause inaccurate times.
  • Supply counts are checked every 10 seconds.